 Dungeon Crawl Stone Soup version 0.27-a0-931-g5a74e75d8f (webtiles) character file.

Game seed: 1160406170114125609

12 Alarkh the Insei (level 2, 20/22 HPs)
             Began as a Demonspawn Gladiator on Apr 10, 2021.
             Got out of the dungeon alive.
             The game lasted 00:00:38 (476 turns).

Alarkh the Insei (Demonspawn Gladiator)              Turns: 476, Time: 00:00:39

Health: 20/22      AC:  4    Str: 14    XL:     2   Next: 20%
Magic:  2/2        EV: 12    Int:  9    God:
Gold:   70         SH:  0    Dex: 14    Spells: 1/1 levels left

rFire    . . .     SeeInvis .     - Unarmed
rCold    . . .     Faith    .   (no shield)
rNeg     . . .     Spirit   .   a - +0 leather armour
rPois    .         Reflect  .   b - +0 helmet
rElec    .         Harm     .   (no cloak)
rCorr    .         Rampage  .   (no gloves)
Will     .....                  (no boots)
Stlth    +.........             (no amulet)
HPRegen  0.07/turn              (no ring)
MPRegen  0.08/turn              (no ring)

@: no status effects
A: foul stench 1
a: no special abilities


You escaped.
You visited 1 branch of the dungeon, and saw 1 of its levels.

You collected 70 gold pieces.

Inventory:

Missiles
 c - a throwing net (quivered)
Armour
 a - a +0 leather armour (worn)
 b - a +0 helmet (worn)
Scrolls
 d - a scroll of noise {unknown}
Potions
 e - a potion of resistance {unknown}


   Skills:
 + Level 2.3 Fighting
 - Level 1.7 Throwing
 - Level 2.6 Dodging
 * Level 3.1 Unarmed Combat


You had one spell level left.
You didn't know any spells.
Your spell library was empty.

Dungeon Overview and Level Annotations

Branches:
Dungeon (1/15)

Altars:

Shops:
D:1 ([


Innate Abilities, Weirdness & Mutations

You may rarely emit foul miasma when damaged in melee.


Message History

The jackal is heavily wounded.
The jackal bites you but does no damage. x2
You hit the jackal.
You kill the jackal!
You barely miss the jackal.
The jackal is lightly wounded.
The jackal bites you.
You hit the jackal.
The jackal is moderately wounded.
The jackal closely misses you. The jackal barely misses you.
You hit the jackal but do no damage.
The jackal is moderately wounded.
The jackal bites you but does no damage.
You hit the jackal but do no damage.
The jackal is moderately wounded.
The jackal closely misses you.
You closely miss the jackal.
The jackal is moderately wounded.
The jackal bites you.
You emit a cloud of foul miasma!
The jackal is engulfed in dark miasma.
The jackal is poisoned.
The jackal seems to slow down.
You kill the jackal!
No target in view!
No target in view!
No target in view!
No target in view!
No target in view!
No target in view!
No target in view!
No target in view!
No target in view!
No target in view!
No target in view!
No target in view!
Things that are here:
a jackal corpse; a jackal corpse Unknown command.
There is a staircase leading out of the dungeon here.
Are you sure you want to leave the Dungeon?
This will make you lose the game!
You have escaped!

#..# #)# # ... ...# #†#
.. #..# #.######. . ...#
#........ ...####
#####..##.#.. ......#
#......#.....
##.##.#######.....(.....
####......#≈≈..........#
§≈≈##.#####≈≈≈..@....#.#
..≈≈#.# #≈...(....≈# #
...≈#.# #≈....≈≈≈≈≈#
.≈.≈### #≈≈≈...≈≈≈≈#
...≈# #≈≈≈≈≈.≈≈≈≈# ≈..§#
#≈≈≈≈≈≈≈≈≈≈# §.§≈#
###≈≈≈≈≈≈≈## ≈§§##
......... ####


There were no monsters in sight!

Vanquished Creatures
  A goblin (D:1)
  2 hobgoblins (D:1)
  4 jackals (D:1)
  A kobold (D:1)
  2 bats (D:1)
10 creatures vanquished.

Notes
Turn   | Place    | Note
-------+----------+-------------------------------------------
     0 | D:1      | Alarkh the Demonspawn Gladiator began the quest for the
                  | Orb.
     0 | D:1      | Reached XP level 1. HP: 16/16 MP: 1/1
     2 | D:1      | Found Opti's Antique Armour Shoppe.
     6 | D:1      | Found Qomnonn's Weapon Shop.
   275 | D:1      | Reached skill level 3 in Unarmed Combat
   444 | D:1      | Gained mutation: You may rarely emit foul miasma when
                  | damaged in melee. [demonic ancestry]
   444 | D:1      | Reached XP level 2. HP: 22/22 MP: 2/2
   476 | D:$      | Got out of the dungeon alive.

Illustrated notes

Levels and vault maps discovered:
D:1:      dpeg_arrival_pond, layout_loops_cross, serial_shops, shop, shop,
          kennysheep_another_room, minmay_misc_feat_plants, serial_bayou_pond_b,
          minmay_tetromino_o2

Skill      XL: |  1 |
---------------+----+-----
Unarmed Combat | 3 |  3.1
Fighting       | |  2.3
Throwing       | |  1.7
Dodging        | |  2.6

Action                   || total
-------------------------++-------
Melee: Unarmed           ||    44
Throw: Throwing net      ||     2
Armor: Leather armour    ||    18
Dodge: Dodged            ||    33

Table legend: (Time is in decaauts)
 A = Elapsed time spent in this place.
 B = Non-inter-level travel time spent in this place.
 C = Inter-level travel time spent in this place.
 D = Time resting spent in this place.
 E = Time spent auto-exploring this place.
 F = Levels seen in this place.
 G = Mean time per level.
                   A        B        C        D        E       F      G
               +--------+--------+--------+--------+--------+-----+--------+
         Total |    473 |    466 |      7 |      0 |    385 |   1 |  473.0 |
       Dungeon |    473 |    466 |      7 |      0 |    385 |   1 |  473.0 |
               +--------+--------+--------+--------+--------+-----+--------+

Top non-repeatable levels by time:
     D:1: 473 daAuts
